 Dungeon Crawl Stone Soup version 0.22.1-2-g9c5b331 (webtiles) character file.

345 Fang the Chopper (level 6, 0/39 HPs)
             Began as a Gargoyle Berserker on Dec 19, 2018.
             Was a Priest of Trog.
             Slain by bande's ghost (5 damage)
             ... on level 3 of the Dungeon.
             The game lasted 00:02:34 (2317 turns).

Fang the Chopper (Gargoyle Berserker)               Turns: 2317, Time: 00:02:35

Health: 0/39       AC: 15    Str: 22    XL:     6   Next: 58%
Magic:  6/6        EV:  7    Int:  8    God:    Trog [***...]
Gold:   118        SH:  0    Dex:  9    Spells: 5/5 levels left

rFire    . . .     SeeInvis .   b - +1 hand axe (venom)
rCold    . . .     Gourm    .   (no shield)
rNeg     + . .     Faith    .   o - +0 plate armour (curse)
rPois    ∞         Spirit   .   (no helmet)
rElec    +         Reflect  .   (no cloak)
rCorr    .         Harm     .   (no gloves)
MR       .....     Rnd*Tele +   (no boots)
Stlth    ..........             (no amulet)
HPRegen  0.13/turn              g - ring of teleportation (curse)
MPRegen  0.10/turn              (no ring)

@: berserk cooldown, slowed, very slow
A: negative energy resistance 1, electricity resistance, unbreathing,
petrification resistance, rot immunity, AC +4
a: Berserk, Trog's Hand, Renounce Religion


You were on level 3 of the Dungeon.
You worshipped Trog.
Trog was most pleased with you.
You were not hungry.

You visited 1 branch of the dungeon, and saw 3 of its levels.

You collected 118 gold pieces.

Inventory:

Hand Weapons
 b - a +1 hand axe of venom (weapon)
 p - a +0 war axe
Armour
 o - a cursed +0 plate armour (worn)
Jewellery
 g - a cursed ring of teleportation (left hand)
Scrolls
 d - 3 scrolls of immolation {unknown}
 h - 4 scrolls of remove curse {unknown}
 i - a scroll of teleportation {unknown}
 j - a scroll of enchant weapon {unknown}
 k - a scroll of identify {unknown}
 l - a scroll of magic mapping {unknown}
 m - a scroll of fog {unknown}
 n - a scroll of fear {unknown}
Potions
 e - a potion of haste {unknown}
 f - a potion of might {unknown}
Comestibles
 c - 3 rations


   Skills:
 + Level 4.3 Fighting
 + Level 5.0 Axes
 + Level 2.5 Armour
 + Level 3.2 Dodging
 + Level 0.3 Stealth


You had 5 spell levels left.
You didn't know any spells.
Your spell library was empty.

Dungeon Overview and Level Annotations

Branches:
Dungeon (3/15)

Altars:
Elyvilon
Gozag
Trog
Yredelemnul
Zin

Annotations:
D:3 SorrowsChan's ghost, amateur DsGl; bande's ghost, amateur GrFi


Innate Abilities, Weirdness & Mutations

You are resistant to torment.
Your stone body is resilient. (AC +4)
You are immune to poison.
You resist negative energy. (rN+)
You are resistant to electric shocks. (rElec)
You can survive without breathing.
You are immune to petrification.
You are immune to rotting.


Message History

Bande's ghost hits you but does no damage.
You are too injured to fight recklessly!
SorrowsChan's ghost barely misses you.
You hit bande's ghost but do no damage.
Bande's ghost is heavily damaged.
Bande's ghost hits you. SorrowsChan's ghost barely misses you.
You hit bande's ghost but do no damage.
Bande's ghost is heavily damaged.
Your plate armour prevents you from hitting SorrowsChan's ghost.
Bande's ghost barely misses you.
SorrowsChan's ghost hits you but does no damage.
Bande's ghost hits you but does no damage.
You hit bande's ghost but do no damage.
Bande's ghost is heavily damaged.
Your plate armour prevents you from hitting SorrowsChan's ghost.
SorrowsChan's ghost hits you but does no damage.
Bande's ghost hits you. SorrowsChan's ghost hits you!
* * * LOW HITPOINT WARNING * * *
Bande's ghost hits you.
You die...

##.##...).##..#
#....#.#.))...
#.####.####..#
######.#.#####
#...........##
#.÷.#......
#############
#.#########
##.####
###.....###
#.........#
#####.........#
#@W....<......#
####W#####.......#
#..)....#####....#
###'''### ######
#P........#
#⌠.......⌠#
#P...[...P#
#?.......$#
##8.....8##


You could see SorrowsChan's ghost and bande's ghost.

Vanquished Creatures
  The ghost of SorrowsChan the Slasher, a weakling DsGl (D:3)
  A crimson imp (D:3)
  A hound (D:2)
  An orc priest (D:3)
  An orc wizard (D:3)
  4 gnolls (D:3)
  5 adders
  2 oozes
  4 worms
  A dart slug (D:1)
  4 leopard geckos
  4 orcs (D:3)
  A ball python (D:1)
  6 giant cockroaches
  4 goblins
  11 hobgoblins
  5 kobolds
  A quokka (D:2)
  12 bats
  3 frilled lizards (D:2)
  4 rats
76 creatures vanquished.

Vanquished Creatures (others)
  A wizard (D:3)
  A withered plant (D:3)
2 creatures vanquished.

Grand Total: 78 creatures vanquished

Notes
Turn   | Place    | Note
-------+----------+-------------------------------------------
     0 | D:1      | Fang the Gargoyle Berserker began the quest for the Orb.
     0 | D:1      | Reached XP level 1. HP: 14/14 MP: 1/1
   230 | D:1      | Reached XP level 2. HP: 15/19 MP: 2/2
   270 | D:1      | Reached skill level 3 in Axes
   459 | D:1      | Reached XP level 3. HP: 16/24 MP: 3/3
   999 | D:2      | Reached ** piety under Trog
  1065 | D:2      | Found a white marble altar of Elyvilon.
  1099 | D:2      | Found a bloodstained altar of Trog.
  1216 | D:2      | Reached XP level 4. HP: 25/29 MP: 4/4
  1268 | D:2      | Found a glowing silver altar of Zin.
  1384 | D:3      | Found a basalt altar of Yredelemnul.
  1390 | D:3      | Reached XP level 5. HP: 33/33 MP: 5/5
  1486 | D:3      | Reached skill level 4 in Axes
  1587 | D:3      | Reached *** piety under Trog
  1587 | D:3      | Reached XP level 6. HP: 21/38 MP: 6/6
  1689 | D:3      | Found an opulent altar of Gozag.
  1821 | D:3      | Found a bloodstained altar of Trog.
  1822 | D:3      | Noticed a wizard
  1827 | D:3      | Killed a wizard
  1987 | D:3      | Found a runed gate.
  1987 | D:3      | Found a runed gate.
  1988 | D:3      | Found a runed gate.
  1991 | D:3      | Noticed bande's ghost (amateur GrFi)
  1992 | D:3      | Noticed SorrowsChan's ghost (weakling DsGl)
  1992 | D:3      | Noticed SorrowsChan's ghost (amateur DsGl)
  2297 | D:3      | Killed SorrowsChan's ghost
  2297 | D:3      | Reached skill level 5 in Axes
  2317 | D:3      | Slain by bande's ghost

Skill      XL: |  1  2  3  4  5  6 |
---------------+-------------------+-----
Axes           | 3 4 5 |  5.0
Dodging        | 2 3 |  3.2
Fighting       | 4 |  4.3
Armour         | |  2.5
Stealth        | |  0.3

Action                   |  1- 3 |  4- 6 || total
-------------------------+-------+-------++-------
Melee: Hand axe          |   108 |   118 ||   226
Invok: Berserk           |       |     2 ||     2
  Eat: Chunk             |     1 |     4 ||     5
       Ration            |       |     1 ||     1
Armor: Animal skin       |    42 |       ||    42
       Plate armour      |    10 |    89 ||    99
Dodge: Dodged            |    94 |    46 ||   140
